Selects Special Operations Battlegroup
Selects M29 Weasel Recon Vehicle
Construct Weapon Support Center
Construct Medical Station
M3 Armored Personnel Carrier
M1918 Browning Automatic Rifles
Selects SSF Commando Squad
Improved M9 Bazooka Rockets
Selects Air Re-supply Operation
Selects M29 Weasel Recon Vehicle
Selects P-47 Anti-Infantry Loiter
P-47 Anti-Infantry Loiter
Selects UNKNOWN (2162291)
P-47 Anti-Infantry Loiter
Selects M4A1 Sherman Whizbang
P-47 Anti-Infantry Loiter